 Dungeon Crawl Stone Soup version 0.28.0-43-g3370ac3207 (webtiles) character file.

Game seed: 16721925197677739271

2463 Ablot the Magician (level 9, -3/70 HPs)
             Began as a Gnoll Warper on Mar 1, 2022.
             Was a Believer of Elyvilon.
             Succumbed to a gnoll sergeant's poison
             ... on level 7 of the Dungeon.
             The game lasted 00:12:12 (8673 turns).

Ablot the Magician (Gnoll Warper)                   Turns: 8673, Time: 00:12:13

Health: -3/70      AC:  9    Str: 15    XL:     9   Next: 50%
Magic:  19/19      EV: 13    Int: 13    God:    Elyvilon [**....]
Gold:   296        SH:  0    Dex: 11    Spells: 19/21 levels left

rFire   . . .      SeeInvis .   a - +5 scythe "Finisher" {speed, eviscerate}
rCold   . . .      Faith    .   (shield currently unavailable)
rNeg    . . .      Spirit   .   b - +0 leather armour
rPois   .          Reflect  .   x - +0 helmet
rElec   .          Harm     .   i - +0 cloak
rCorr   .          Rampage  .   g - +0 pair of gloves
Will    .....                   t - +1 pair of boots {Fly}
Stlth   ++........              (no amulet)
HPRegen 0.21/turn               (no ring)
MPRegen 0.16/turn               (no ring)

@: lethally poisoned (-3 -> -20), flying, hasted, very quick
A: fangs 1, strong nose, distributed training
a: Renounce Religion, Purification, Heal Other


You were on level 7 of the Dungeon.
You worshipped Elyvilon.
Elyvilon was pleased with you.
You visited 2 branches of the dungeon, and saw 8 of its levels.
You also visited: Sewer.

You collected 296 gold pieces.

Inventory:

Hand Weapons
 a - the +5 scythe "Finisher" (weapon) {speed, eviscerate}
   (You found it in a sewer)

   Attacks with this weapon are significantly faster.
   It may eviscerate those it strikes, slaying them instantly, with a decreasing
   chance against stronger foes.
 h - a +3 short sword of flaming
 A - a +4 whip of freezing
Missiles
 d - 4 boomerangs of dispersal
 f - 50 sling bullets
 k - 160 stones
 n - 50 arrows
 u - 10 poisoned darts (quivered)
 z - 27 bolts
 B - 7 boomerangs
 G - a throwing net
 J - 6 javelins
Armour
 b - a +0 leather armour (worn)
 g - a +0 pair of gloves (worn)
 i - a +0 cloak (worn)
 q - the +0 pair of gloves "Quimath" {rF+ Str-5 Dex+2}
   (You found it on level 3 of the Dungeon)

   Str:       It affects your strength (-5).
   Dex:       It affects your dexterity (+2).
   rF:        It protects you from fire.
 t - a +1 pair of boots of flying (worn)
 x - a +0 helmet (worn)
Wands
 y - a wand of flame (5)
Scrolls
 c - a scroll of blinking
 e - 4 scrolls of teleportation {unknown}
 l - 4 scrolls of identify {unknown}
 o - a scroll of fog {unknown}
 r - a scroll of enchant armour {unknown}
 v - a scroll of brand weapon {unknown}
 w - a scroll of fear {unknown}
 C - a scroll of magic mapping {unknown}
 F - a scroll of torment {unknown}
 H - a scroll of enchant weapon {unknown}
 I - a scroll of silence {unknown}
Potions
 j - 2 potions of haste
 m - a potion of ambrosia {unknown}
 p - a potion of brilliance {unknown}
 s - 2 potions of curing {unknown}
 D - a potion of lignification {unknown}
 E - a potion of mutation {unknown}


   Skills:
 + Level 6.3 Fighting
 + Level 4.3 Short Blades
 + Level 4.3 Long Blades
 + Level 4.3 Axes
 + Level 4.3 Maces & Flails
 + Level 6.3 Polearms
 + Level 4.3 Staves
 + Level 4.3 Slings
 + Level 4.3 Bows
 + Level 4.3 Crossbows
 + Level 5.1 Throwing
 + Level 5.1 Armour
 + Level 6.3 Dodging
 + Level 4.3 Stealth
 + Level 4.3 Shields
 + Level 4.3 Unarmed Combat
 + Level 6.7 Spellcasting
 + Level 3.5 Conjurations
 + Level 3.5 Hexes
 + Level 3.5 Summonings
 + Level 3.5 Necromancy
 + Level 6.6 Translocations
 + Level 3.5 Transmutations
 + Level 3.5 Fire Magic
 + Level 3.5 Ice Magic
 + Level 3.5 Air Magic
 + Level 3.5 Earth Magic
 + Level 3.5 Poison Magic
 + Level 4.7 Invocations
 + Level 4.3 Evocations


You had 19 spell levels left.
You knew the following spells:

 Your Spells              Type           Power      Damage    Failure   Level
a - Blink                 Tloc           42%        N/A       1%          2

Your spell library contained the following spells:

 Spells                   Type           Power      Damage    Failure   Level
 Gell's Gravitas          Tloc           21%        N/A       3%          3
 Lesser Beckoning         Tloc           21%        N/A       3%          3
 Teleport Other           Tloc           21%        N/A       3%          3
 Freeze                   Ice            52%        1d7       4%          1
 Corpse Rot               Necr/Air       26%        N/A       7%          2
 Dazzling Flash           Conj/Hex       26%        N/A       13%         3
 Frozen Ramparts          Ice            26%        1d4       13%         3
 Manifold Assault         Tloc           21%        N/A       34%         5
 Dispel Undead            Necr           13%        3d9       41%         4
 Hailstorm                Conj/Ice       13%        3d5       41%         4
 Agony                    Necr           13%        N/A       77%         5
 Silence                  Hex/Air        6%         N/A       77%         5
 Death Channel            Necr           6%         N/A       100%        6


Dungeon Overview and Level Annotations

Branches:
Dungeon (7/15)             Temple (1/1) D:5           Sewer (visited)

Altars:
Ashenzari
Cheibriados
Dithmenos
Elyvilon
Fedhas
Gozag
Hepliaklqana
Kikubaaqudgha
Makhleb
Nemelex Xobeh
Ru
Sif Muna
Trog
Uskayaw
Vehumet
Wu Jian
Yredelemnul
Zin
The Shining One


Innate Abilities, Weirdness & Mutations

You have very sharp teeth.
Your uncanny sense of smell can sniff out nearby items.
Your experience applies equally to all skills.


Message History

The gnoll sergeant hits you but does no damage.
Reach: a) +5 scythe "Finisher" {speed, eviscerate}
Press: ? - help, Dir - move target, f/p - gnoll sergeant
Aim: a gnoll sergeant, wielding a +2 spear of venom and wearing a +0 scale mail (almost dead, about 31% to evade the +5 scythe "Finisher")
You reach to attack!
You hit the gnoll sergeant.
The gnoll sergeant is almost dead.
You feel very sick. The gnoll barely misses you.
The gnoll sergeant hits you from afar with a +2 spear of venom.
* * * LOW HITPOINT WARNING * * *
You are lethally poisoned!
Reach: a) +5 scythe "Finisher" {speed, eviscerate}
Press: ? - help, Dir - move target, f/p - gnoll sergeant
Aim: a gnoll sergeant, wielding a +2 spear of venom and wearing a +0 scale mail (almost dead, about 31% to evade the +5 scythe "Finisher")
You reach to attack!
You slash the gnoll sergeant!
You kill the gnoll sergeant!
* * * LOW HITPOINT WARNING * * *
You feel extremely sick. The gnoll completely misses you.
Reach: a) +5 scythe "Finisher" {speed, eviscerate}
Press: ? - help, Dir - move target, f - gnoll
Aim: a gnoll, wielding a +0 spear (about 35% to evade the +5 scythe "Finisher")
Okay, then.
Reach: a) +5 scythe "Finisher" {speed, eviscerate}
Press: ? - help, Dir - move target, f - gnoll
Aim: a gnoll, wielding a +0 spear (about 35% to evade the +5 scythe "Finisher")
You reach to attack!
You barely miss the gnoll.
* * * LOW HITPOINT WARNING * * *
You feel extremely sick. The gnoll hits you but does no damage.
Reach: a) +5 scythe "Finisher" {speed, eviscerate}
Press: ? - help, Dir - move target, f/p - gnoll
Aim: a gnoll, wielding a +0 spear (about 35% to evade the +5 scythe "Finisher")
You reach to attack!
You barely miss the gnoll.
* * * LOW HITPOINT WARNING * * *
You feel very sick.
A bullfrog skeleton comes into view.
The gnoll closely misses you.
It was a potion of haste.
You feel yourself speed up.
You die...

###### ......
############ ......
######$.......?..
......
....?......(.....
......
...........g.....
######
∆..........)......
.$..$....@)).....
..........)......
#####...........
##.######...........
...................Z
##.#####............
##.#+#...####
.######...#...#
∆..........+...+


You could see a gnoll and a bullfrog skeleton (wandering).

Vanquished Creatures
  Grinder (D:6)
  2 hornet zombies (D:6)
  An ice beast (D:6)
  4 sky beasts
  A necrophage (D:6)
  3 ogres
  A kobold brigand (D:6)
  A gnoll sergeant (D:7)
  2 bullfrogs (Sewer)
  2 scorpions
  A wyvern skeleton (D:7)
  2 water moccasin zombies
  2 bullfrog zombies (D:5)
  2 jellies
  An orc priest (D:5)
  3 hounds
  A scorpion zombie (D:5)
  3 orc wizards
  A killer bee zombie (D:5)
  2 hound skeletons (D:4)
  6 gnolls
  14 adders
  A shadow imp (D:6)
  2 adder skeletons (D:4)
  3 dart slugs
  A worm (D:1)
  12 orcs
  20 ball pythons
  6 bats
  15 endoplasms
  19 giant cockroaches
  6 goblins
  5 hobgoblins
  2 jackals
  12 kobolds
  11 quokkas
  17 frilled lizards
  9 rats
197 creatures vanquished.

Notes
Turn   | Place    | Note
-------+----------+-------------------------------------------
     0 | D:1      | Ablot the Gnoll Warper began the quest for the Orb.
     0 | D:1      | Reached XP level 1. HP: 20/20 MP: 6/6
     1 | D:1      | Found a runed translucent door.
   290 | D:1      | Reached XP level 2. HP: 24/26 MP: 7/7
   293 | D:1      | Learned a level 2 spell: Blink
   711 | D:1      | Reached XP level 3. HP: 29/31 MP: 9/9
   897 | D:1      | Reached skill level 5 in Spellcasting
  1061 | D:1      | Reached skill level 1 in Invocations
  1211 | D:2      | Reached skill level 1 in Short Blades
  1211 | D:2      | Reached skill level 1 in Long Blades
  1211 | D:2      | Reached skill level 1 in Axes
  1211 | D:2      | Reached skill level 1 in Maces & Flails
  1211 | D:2      | Reached skill level 1 in Staves
  1211 | D:2      | Reached skill level 1 in Slings
  1211 | D:2      | Reached skill level 1 in Bows
  1211 | D:2      | Reached skill level 1 in Crossbows
  1211 | D:2      | Reached skill level 1 in Stealth
  1211 | D:2      | Reached skill level 1 in Shields
  1211 | D:2      | Reached skill level 1 in Unarmed Combat
  1211 | D:2      | Reached skill level 1 in Evocations
  1255 | D:2      | Reached XP level 4. HP: 38/38 MP: 11/11
  1695 | D:2      | Found a faded altar of an unknown god.
  2054 | D:3      | Reached skill level 1 in Conjurations
  2054 | D:3      | Reached skill level 1 in Hexes
  2054 | D:3      | Reached skill level 1 in Summonings
  2054 | D:3      | Reached skill level 1 in Necromancy
  2054 | D:3      | Reached skill level 1 in Transmutations
  2054 | D:3      | Reached skill level 1 in Fire Magic
  2054 | D:3      | Reached skill level 1 in Ice Magic
  2054 | D:3      | Reached skill level 1 in Air Magic
  2054 | D:3      | Reached skill level 1 in Earth Magic
  2054 | D:3      | Reached skill level 1 in Poison Magic
  2104 | D:3      | Identified the +0 pair of gloves "Quimath" {rF+ Str-5
                  | Dex+2}
  2600 | D:3      | Noticed an ogre
  2625 | D:3      | Killed an ogre
  2626 | D:3      | Reached XP level 5. HP: 19/43 MP: 10/12
  2866 | D:3      | Reached XP level 6. HP: 21/50 MP: 13/13
  3145 | D:3      | Found an ornate altar of the Wu Jian Council.
  4006 | D:4      | Reached skill level 5 in Fighting
  4006 | D:4      | Reached skill level 5 in Polearms
  4006 | D:4      | Reached skill level 5 in Dodging
  4184 | D:4      | Found a glowing drain.
  4193 | Sewer    | Entered a sewer
  4505 | Sewer    | Reached XP level 7. HP: 50/56 MP: 15/15
  4672 | Sewer    | Found the +5 scythe "Finisher" {speed, eviscerate}
  5486 | D:5      | Entered Level 5 of the Dungeon
  5668 | D:5      | Reached XP level 8. HP: 27/63 MP: 16/16
  6120 | D:5      | Found a staircase to the Ecumenical Temple.
  6128 | Temple   | Entered the Ecumenical Temple
  6236 | Temple   | Became a worshipper of Elyvilon the Healer
  7201 | D:6      | Reached * piety under Elyvilon
  7505 | D:6      | Noticed Grinder
  7508 | D:6      | Paralysed by Grinder for 3 turns
  7515 | D:6      | Killed Grinder
  7516 | D:6      | Reached XP level 9. HP: 69/69 MP: 18/18
  7947 | D:6      | Reached skill level 5 in Throwing
  7947 | D:6      | Reached skill level 5 in Armour
  8604 | D:7      | Reached ** piety under Elyvilon
  8672 | D:7      | HP: 1/70 [poisoned by a gnoll sergeant]
  8673 | D:7      | Succumbed to a gnoll sergeant's poison

Illustrated notes

Levels and vault maps discovered:
D:1:      dpeg_arrival_caged_fury, layout_basic
D:2:      layout_basic, chequers_ecumenical_altar_simple,
          palyth_stone_intersect, minmay_misc_feat_cross
D:3:      layout_basic, nicolae_overflow_crystal_walls, grunt_ministairs_5,
          interstate_on_off, minmay_bisected
D:4:      layout_rooms, portal_sewer_entry_d, grunt_ministairs_4,
          minmay_ruptured
D:5:      layout_basic, minmay_temple_entry_mist
D:6:      layout_basic, serial_co_window_serial, co_window_paths_b,
          co_window_of_opportunity_a, co_window_paths_a,
          co_window_of_opportunity_a, co_window_paths_a, co_window_corner_a,
          co_window_of_opportunity_a, co_window_broadway_a, co_window_corner_b,
          co_window_broadway_a, co_window_unsneaky_path_a, co_window_4corner_a,
          co_window_paths_e, uniq_grinder
D:7:      layout_basic, doesnt_xom_only_xom, okawaru_gym_becter
Temple:   compressed_dpeg_circular_temple

Skill      XL: |  1  2  3  4  5  6  7  8  9 |
---------------+----------------------------+-----
Spellcasting   | 5 6 |  6.7
Invocations    | 1 2 3 4 |  4.7
Short Blades   | 1 2 3 4 |  4.3
Long Blades    | 1 2 3 4 |  4.3
Axes           | 1 2 3 4 |  4.3
Maces & Flails | 1 2 3 4 |  4.3
Staves         | 1 2 3 4 |  4.3
Slings         | 1 2 3 4 |  4.3
Bows           | 1 2 3 4 |  4.3
Crossbows      | 1 2 3 4 |  4.3
Stealth        | 1 2 3 4 |  4.3
Shields        | 1 2 3 4 |  4.3
Unarmed Combat | 1 2 3 4 |  4.3
Evocations     | 1 2 3 4 |  4.3
Conjurations   | 1 2 3 |  3.5
Hexes          | 1 2 3 |  3.5
Summonings     | 1 2 3 |  3.5
Necromancy     | 1 2 3 |  3.5
Transmutations | 1 2 3 |  3.5
Fire Magic     | 1 2 3 |  3.5
Ice Magic      | 1 2 3 |  3.5
Air Magic      | 1 2 3 |  3.5
Earth Magic    | 1 2 3 |  3.5
Poison Magic   | 1 2 3 |  3.5
Throwing       | 3 4 5 |  5.1
Armour         | 3 4 5 |  5.1
Fighting       | 5 6 |  6.3
Polearms       | 5 6 |  6.3
Dodging        | 5 6 |  6.3
Translocations | 6 |  6.6

Action                   |  1- 3 |  4- 6 |  7- 9 || total
-------------------------+-------+-------+-------++-------
Melee: Spear             |    54 |       |       ||    54
       Bite              |     8 |    10 |    13 ||    31
       Short sword       |    69 |   206 |    58 ||   333
       Punch             |     1 |       |       ||     1
       Scythe            |       |       |   226 ||   226
Throw: Dart              |       |     7 |       ||     7
       Boomerang         |       |     1 |       ||     1
 Cast: Blink             |       |     1 |       ||     1
  Use: Potion            |       |       |     1 ||     1
 Stab: Sleeping          |     2 |     3 |    10 ||    15
Armor: Leather armour    |    30 |    77 |    91 ||   198
Dodge: Dodged            |    68 |   144 |   144 ||   356
